 Dungeon Crawl Stone Soup version 0.30-a0-782-ge64f9170bb (webtiles) character file.

Game seed: 14272417887708159966

9 senseless the Sneak (level 2, 0/16 (21) HPs)
             Began as an Octopode Delver on Feb 24, 2023.
             Slain by a necrophage (5 damage)
             ... on level 4 of the Dungeon.
             The game lasted 00:01:58 (275 turns).

senseless the Sneak (Octopode Delver)                Turns: 275, Time: 00:01:58

HP:   0/16 (21)     AC:  1    Str: 11    XL:     2   Next: 12%
MP:   2/2           EV: 13    Int: 12    God:
Gold: 0             SH:  0    Dex: 13    Spells: 1/1 levels left

rFire   . . .      SeeInvis .    a - +0 falchion
rCold   . . .      Faith    .    (no shield)
rNeg    . . .      Spirit   .    (helmet restricted)
rPois   .          Reflect  .    (no amulet)
rElec   .          Harm     .    (no ring)
rCorr   .          Rampage  .    (no ring)
Will    .....                    (no ring)
Stlth   ++++                     (no ring)
HPRegen 0.22/turn                (no ring)
MPRegen 0.08/turn                (no ring)
                                 (no ring)
                                 (no ring)

@: heavily drained
A: almost no armour, amphibious, 8 rings, camouflage 1, gelatinous body 1,
(nimble swimmer 1), tentacles
a: no special abilities


You were on level 4 of the Dungeon.
You visited 2 branches of the dungeon, and saw 3 of its levels.

Inventory:

Hand Weapons
 a - a +0 falchion (weapon)
Wands
 f - a wand of digging (3)
Scrolls
 b - a scroll of fog
 c - a scroll of magic mapping
 d - a scroll of fear
 g - a scroll of enchant weapon {unknown}
Potions
 e - a potion of haste


   Skills:
 + Level 3.1 Fighting
 + Level 2.2 Long Blades
 + Level 2.2 Dodging
 + Level 6.7 Stealth


You had one spell level left.
You didn't know any spells.
Your spell library contained the following spells:

 Spells                   Type           Power      Damage    Failure   Level
 Kiss of Death            Conj/Necr      0%         2d5       32%         1
 Confusing Touch          Hex            0%         N/A       69%         3
 Dispel Undead            Necr           0%         3d6       97%         4


Dungeon Overview and Level Annotations

Branches:
Dungeon (5/15)             Temple (1/1) D:5

Altars:
Ashenzari
Dithmenos
Elyvilon
Fedhas
Gozag
Kikubaaqudgha
Nemelex Xobeh
Ru
Sif Muna
Trog
Vehumet
Wu Jian
Yredelemnul
Zin


Innate Abilities, Weirdness & Mutations

You cannot wear most types of armour.
You are amphibious.
You can wear up to eight rings at the same time.
Your skin changes colour to match your surroundings (Stealth+).
Your rubbery body absorbs attacks. (AC +1, EV +1)
((You are camouflaged when in or above water. (Stealth+)))
You have tentacles for arms and can constrict up to eight enemies at once.


Message History

You hit the orc but do no damage. You grab the orc. You constrict the orc.
The orc hits you with a +0 hand axe.
* * * LOW HITPOINT WARNING * * *
You are too injured to fight recklessly!
You are too injured to fight recklessly!
You are too injured to fight recklessly!
You hit the orc.
The orc is severely wounded.
You constrict the orc. The orc barely misses you.
You hit the orc but do no damage.
The orc is almost dead.
You constrict the orc.
You kill the orc!
You start resting.
HP restored. 2 gnolls come into view.
A gnoll is wielding a +0 whip of holy wrath.
A necrophage comes into view.
Found 4 stones.
The helpless necrophage fails to defend itself.
You hit the necrophage. You grab the necrophage.
The necrophage is moderately damaged.
You constrict the necrophage. The necrophage hits you.
You hit the necrophage but do no damage.
Your squeeze misses the necrophage.
The necrophage is moderately damaged.
You constrict the necrophage. The necrophage closely misses you.
You hit the necrophage. You squeeze the necrophage.
The necrophage is severely damaged.
You constrict the necrophage, but do no damage.
The necrophage hits you.
You feel drained.
You hit the necrophage but do no damage.
The necrophage is severely damaged.
You constrict the necrophage. The necrophage hits you.
You feel drained.
You hit the necrophage but do no damage.
The necrophage is severely damaged.
You constrict the necrophage. The necrophage hits you.
* * * LOW HITPOINT WARNING * * *
You feel drained. The necrophage hits you.
You die...

###.##############
#..........#.#...#
##......#........#
#........####.####
#........# ##..##
#........# #....##
#........###..#..##
##........#n.####.###
###......@.# ##..##
###.....## ##..######
####.## ##..##... .##
###..... .. #.....
(.# ##.... ..# #....
#.# ##... #...


You could see a necrophage.

Vanquished Creatures
  An ufetubus (D:4)
  An orc (D:4)
  A hobgoblin (D:4)
3 creatures vanquished.

Notes
Turn   | Place    | Note
-------+----------+-------------------------------------------
     0 | D:5      | senseless the Octopode Delver began the quest for the Orb.
     0 | D:5      | Reached XP level 1. HP: 16/16 MP: 1/1
    26 | D:5      | Found a staircase to the Ecumenical Temple.
    31 | Temple   | Entered the Ecumenical Temple
   160 | D:4      | Reached XP level 2. HP: 13/21 MP: 2/2
   249 | D:4      | Noticed a necrophage
   275 | D:4      | Slain by a necrophage

Illustrated notes

Levels and vault maps discovered:
D:4:      layout_cave_pods
D:5:      layout_rooms, grunt_qazlal_clouds,
          mainiacjoe_overflow_six_doors_small, temple_doors_ab, kennysheep_boxes
Temple:   nicolae_temple_superstar

Action                     || total
---------------------------++-------
  Melee: Falchion          ||    13
         Constrict         ||     3
         Tentacles         ||     2
   Stab: Sleeping          ||     1
 Armour: Skin              ||     2
  Dodge: Dodged            ||     8

Table legend: (Time is in decaauts)
 A = Elapsed time spent in this place.
 B = Non-inter-level travel time spent in this place.
 C = Inter-level travel time spent in this place.
 D = Time resting spent in this place.
 E = Time spent auto-exploring this place.
 F = Levels seen in this place.
 G = Mean time per level.
                   A        B        C        D        E       F      G
               +--------+--------+--------+--------+--------+-----+--------+
         Total |    278 |    262 |     16 |     62 |     95 |   3 |   92.7 |
       Dungeon |    184 |    178 |      6 |     62 |     26 |   2 |   92.0 |
        Temple |     93 |     83 |     10 |      0 |     69 |   1 |   93.0 |
               +--------+--------+--------+--------+--------+-----+--------+

Top non-repeatable levels by time:
     D:4: 157 daAuts
  Temple: 93 daAuts
     D:5: 27 daAuts
